 Dungeon Crawl Stone Soup version 0.26.1-11-gd32895ea62 (webtiles) character file.

Game seed: 8246088027745439287

72 Vey the Skirmisher (level 4, 0/41 HPs)
             Began as a Minotaur Fighter on May 18, 2021.
             Slain by Blork the orc
             ... wielding a +1 halberd of freezing
              (1 damage)
             ... on level 5 of the Dungeon.
             The game lasted 00:10:01 (1739 turns).

Vey the Skirmisher (Minotaur Fighter)               Turns: 1739, Time: 00:10:02

Health: 0/41       AC:  7    Str: 22    XL:     4   Next: 7%
Magic:  3/3        EV:  7    Int:  5    God:
Gold:   97         SH:  9    Dex:  9    Spells: 3/3 levels left

rFire    . . .     SeeInvis .   a - +0 war axe
rCold    . . .     Faith    .   c - +0 kite shield
rNeg     . . .     Spirit   .   b - +0 scale mail
rPois    .         Reflect  .   (helmet restricted)
rElec    .         Harm     +   m - scarf {harm}
rCorr    .         Rampage  .   (no gloves)
Will     .....                  (no boots)
Stlth    ..........             p - amulet of magic regeneration
HPRegen  0.13/turn              (no ring)
MPRegen  0.33/turn              (no ring)

@: no status effects
A: retaliatory headbutt, horns 2
a: no special abilities


You were on level 5 of the Dungeon.
You visited 1 branch of the dungeon, and saw 4 of its levels.

You collected 97 gold pieces.

Inventory:

Hand Weapons
 a - a +0 war axe (weapon)
Armour
 b - a +0 scale mail (worn)
 c - a +0 kite shield (worn)
 m - a scarf of harm (worn)
Jewellery
 p - an amulet of magic regeneration (around neck)
Scrolls
 e - a scroll of amnesia {unknown}
 f - a scroll of enchant armour {unknown}
 g - a scroll of fear {unknown}
 j - a scroll of identify {unknown}
 l - 2 scrolls of remove curse {unknown}
 s - a scroll of blinking {unknown}
Potions
 d - a potion of might
 h - 2 potions of brilliance {unknown}
 i - 3 potions of curing {unknown}
 k - 2 potions of heal wounds {unknown}
 n - a potion of flight {unknown}
 o - 2 potions of lignification {unknown}
 q - 2 potions of haste {unknown}
 r - a potion of degeneration {unknown}


   Skills:
 + Level 4.5 Fighting
 * Level 3.4 Axes
 + Level 4.1 Armour
 + Level 4.2 Shields


You had 3 spell levels left.
You didn't know any spells.
Your spell library was empty.

Dungeon Overview and Level Annotations

Branches:
Dungeon (3/15)

Altars:

Annotations:
D:5 Blork the orc


Innate Abilities, Weirdness & Mutations

You reflexively headbutt those who attack you in melee.
You have a pair of horns on your head.


Message History

The worm is heavily wounded.
Blork the orc casts a spell.
Blork the orc seems to speed up.
The worm bites you but does no damage. The adder bites you but does no damage.
The adder bites you but does no damage. You block Blork the orc's attack.
The adder bites you but does no damage. You block Blork the orc's attack.
There is a stone staircase leading up here.
Blork the orc hits you with a +1 halberd of freezing!
Blork the orc freezes you. You block the adder's attack.
Your scale mail prevents you from hitting the adder.
Your headbutt misses the adder. You barely miss the worm.
You closely miss Blork the orc. Blork the orc casts a spell at you.
The magic dart hits you.
* * * LOW HITPOINT WARNING * * *
The adder closely misses you.
Blork the orc hits you with a +1 halberd of freezing!
* * * LOW HITPOINT WARNING * * *
Blork the orc freezes you.
You die...

##########
.........###########
.......@.##........#
......oSw##.######.##
.........##.# #..#
............# ##..#
.........#...# #...#
.........##.## ##..#
.........#..# #..#
............# #..##
###..####.#)# ##...#


You could see Blork the orc (fast), a worm and an adder.

Vanquished Creatures
  An adder (D:3)
  An ooze (D:1)
  2 leopard geckos
  A ball python (D:2)
  6 giant cockroaches
  6 goblins
  11 hobgoblins
  2 jackals (D:2)
  4 kobolds
  A quokka (D:2)
  7 bats
  3 frilled lizards
  A quokka zombie (D:3)
  4 rats
50 creatures vanquished.

Vanquished Creatures (others)
  6 plants (D:1)
6 creatures vanquished.

Grand Total: 56 creatures vanquished

Notes
Turn   | Place    | Note
-------+----------+-------------------------------------------
     0 | D:1      | Vey the Minotaur Fighter began the quest for the Orb.
     0 | D:1      | Reached XP level 1. HP: 19/19 MP: 0/0
   129 | D:1      | Reached XP level 2. HP: 22/27 MP: 1/1
  1001 | D:2      | Reached XP level 3. HP: 34/34 MP: 2/2
  1678 | D:3      | Reached XP level 4. HP: 33/41 MP: 3/3
  1705 | D:3      | You fall into a shaft and drop 2 floors!
  1705 | D:5      | Entered Level 5 of the Dungeon
  1732 | D:5      | Noticed Blork the orc
  1739 | D:5      | HP: 1/41 [Blork the orc/+1 halberd of freezing (9)]
  1739 | D:5      | Slain by Blork the orc

Illustrated notes

Levels and vault maps discovered:
D:1:      dpeg_arrival_windows_large_door, layout_loops_ring, serial_forest,
          infiniplex_forest_join, infiniplex_forest_clump_curved,
          infiniplex_forest_pool, infiniplex_forest_clump_medium,
          infiniplex_forest_lined_room_, infiniplex_forest_lined_2
D:2:      layout_rooms, minmay_misc_feat_square
D:3:      layout_rooms
D:5:      layout_rooms, kennysheep_mini, gup_sewer_entry_bowl,
          uniq_blork_the_orc, uniq_crazy_yiuf_cottage, uniq_prince_ribbit1,
          uniq_pikel

Skill      XL: |  1  2  3 |
---------------+----------+-----
Fighting       | 4 |  4.5
Axes           | 3 |  3.4
Shields        | 4 |  4.2
Armour         | 4 |  4.1

Action                   |  1- 3 |  4- 6 || total
-------------------------+-------+-------++-------
Melee: War axe           |    96 |     4 ||   100
       Headbutt          |    16 |       ||    16
Armor: Scale mail        |    38 |     5 ||    43
Dodge: Dodged            |    27 |     1 ||    28
Block: Kite shield       |    48 |     4 ||    52
